 Dungeon Crawl Stone Soup version 0.30-a0-165-g1891117ce2 (webtiles) character file.

Game seed: 11408736372975123907

3720 Belterius the Blocker (level 9, -11/83 HPs)
             Began as a Minotaur Fighter on Sept 28, 2022.
             Was an Initiate of Okawaru.
             Mangled by an orc knight
             ... wielding a +0 broad axe
              (14 damage)
             ... in a bailey.
             The game lasted 00:16:42 (8415 turns).

Belterius the Blocker (Minotaur Fighter)            Turns: 8415, Time: 00:16:43

Health: -11/83     AC: 11    Str: 24    XL:     9   Next: 92%
Magic:  8/8        EV: 10    Int:  4    God:    Okawaru [......]
Gold:   146        SH:  7    Dex: 16    Spells: 8/8 levels left

rFire   . . .      SeeInvis .    I - +2 broad axe (flame)
rCold   + . .      Faith    .    c - +0 buckler
rNeg    + . .      Spirit   .    B - +2 ring mail {rC+}
rPois   .          Reflect  .    (helmet restricted)
rElec   .          Harm     .    y - +0 cloak {rCorr}
rCorr   +          Rampage  .    (no gloves)
Will    .....      Rnd*Tele +    D - +0 pair of boots
Stlth   ++........               (no amulet)
HPRegen 0.23/turn                a - ring of positive energy
MPRegen 0.11/turn                (no ring)

@: no status effects
A: horns 2, retaliatory headbutt, thin skeletal structure 1, agile 1,
teleportitis 1, noise suppression
a: Renounce Religion


You were in a bailey.
You worshipped Okawaru.
Okawaru was noncommittal.
You visited 2 branches of the dungeon, and saw 9 of its levels.
You also visited: Ossuary and Bailey.

You collected 472 gold pieces.
You spent 326 gold pieces at shops.

Inventory:

Hand Weapons
 I - a +2 broad axe of flaming (weapon)
Missiles
 w - 13 boomerangs (quivered)
Armour
 c - a +0 buckler (worn)
 y - a +0 cloak of preservation (worn)
 B - a +2 ring mail of cold resistance (worn)
 D - a +0 pair of boots (worn)
Jewellery
 a - a ring of positive energy (left hand)
 o - an amulet of faith
Wands
 n - a wand of digging (5)
 C - a wand of quicksilver (9)
 G - a wand of paralysis (8)
Scrolls
 b - a scroll of brand weapon {unknown}
 e - a scroll of magic mapping {unknown}
 f - 9 scrolls of teleportation {unknown}
 h - 2 scrolls of amnesia {unknown}
 k - a scroll of fear {unknown}
 l - a scroll of immolation {unknown}
 m - a scroll of enchant armour {unknown}
 p - 2 scrolls of blinking {unknown}
 r - 2 scrolls of vulnerability {unknown}
 t - 8 scrolls of identify {unknown}
 v - a scroll of enchant weapon {unknown}
 A - a scroll of poison {unknown}
 F - a scroll of fog {unknown}
Potions
 d - 6 potions of curing {unknown}
 g - 6 potions of mutation
 i - 5 potions of brilliance {unknown}
 j - a potion of berserk rage {unknown}
 q - a potion of heal wounds {unknown}
 s - a potion of flight {unknown}
 u - 5 potions of degeneration {unknown}
 x - a potion of resistance {unknown}
 z - a potion of lignification {unknown}
 E - a potion of cancellation {unknown}


   Skills:
 + Level 9.3 Fighting
 + Level 8.9 Axes
 + Level 9.3 Armour
 + Level 9.3 Shields


You had 8 spell levels left.
You didn't know any spells.
Your spell library contained the following spells:

 Spells                   Type           Power      Damage    Failure   Level
 Gell's Gravitas          Tloc           0%         N/A       96%         3
 Stone Arrow              Conj/Erth      0%         3d7       96%         3
 Teleport Other           Tloc           0%         N/A       96%         3
 Blade Hands              Tmut           0%         N/A       100%        5
 Irradiate                Conj/Tmut      0%         3d11      100%        5
 Dispersal                Tloc           0%         N/A       100%        6
 Dragon Form              Tmut           0%         N/A       100%        7
 Storm Form               Tmut/Air       0%         N/A       100%        7
 Lehudib's Crystal Spear  Conj/Erth      0%         10d2      100%        8
 Maxwell's Capacitive Co  Air            0%         ∞         100%        8
 Animate Armour           Summ/Erth      Unusable   N/A       N/A         4
 Summon Lightning Spire   Summ/Air       Unusable   N/A       N/A         4

Dungeon Overview and Level Annotations

Branches:
Dungeon (8/15)             Temple (1/1) D:7         Ossuary (visited)
 Bailey (1/1)
   Lair: D:8-11

Altars:
Dithmenos
Elyvilon
Hepliaklqana
Okawaru
Trog
Vehumet
The Shining One

Shops:
D:1 :**:?   D:2 ?   D:6 (*


Innate Abilities, Weirdness & Mutations

You have a pair of horns on your head.
You reflexively headbutt those who attack you in melee.
You have a somewhat thin skeletal structure. (Dex +2, Stealth+)
You are agile. (Dex +4, Str/Int -1)
You are occasionally teleported next to monsters.
You passively dampen the noise of your surroundings.


Message History

Throw: 13 boomerangs
Press: ? - help, Q - select action, (/) - cycle Shift-Dir - straight line, f/p - orc knight
Aim: an orc knight, wielding a +0 broad axe and wearing a +0 scale mail (58% to hit)
You throw a boomerang. The boomerang misses the orc knight.
The boomerang hits the orc warrior.
The orc warrior is lightly wounded.
You slash the orc knight! You burn the orc knight.
The orc knight is lightly wounded.
The orc knight hits you with a +0 broad axe!
You barely miss the orc knight.
The orc knight is lightly wounded.
The orc knight hits you with a +0 broad axe!
You slash the orc knight! You burn the orc knight. You headbutt the orc knight!
The orc knight is heavily wounded.
The orc knight hits you with a +0 broad axe! x2
You hit the orc knight. You burn the orc knight.
You headbutt the orc knight, but do no damage.
The orc knight is severely wounded.
You block the orc knight's attack.
You slash the orc knight! You burn the orc knight.
The orc knight is almost dead.
The orc knight barely misses you.
You hit the orc knight but do no damage.
The orc knight is almost dead.
The orc knight hits you with a +0 broad axe!
* * * LOW HITPOINT WARNING * * *
You barely miss the orc knight.
The orc knight is almost dead.
The orc knight hits you with a +0 broad axe.
* * * LOW HITPOINT WARNING * * *
You hit the orc knight but do no damage.
The orc knight is almost dead.
The orc knight barely misses you. You furiously retaliate!
You headbutt the orc knight, but do no damage.
You hit the orc knight. You burn the orc knight.
The orc knight is almost dead.
The orc knight hits you with a +0 broad axe!
* * * LOW HITPOINT WARNING * * *
The orc knight hits you with a +0 broad axe!
You die...

###+### ##..(..##
#...8...# #∩?...$∩#
#.....# ####'''####
#~.......~##
#~~.......~~#####
.~~.......~ooo@.#
#~~.......~~###.#
.~~.......~~....#
#~~.......~~###)#
.~~.......~~....#
###~~.......~~###.#
..~~.......~~....#
###~~.......~~###.#
...~~.......~~....#


You could see an orc knight and 2 orc warriors.

Vanquished Creatures
  Pikel (D:6)
  Sigmund (D:2)
  A water moccasin (D:7)
  Duvessa (D:6)
  An ice beast (D:7)
  2 orc warriors
  5 sky beasts
  3 ogres
  A lemure (D:6)
  3 bullfrogs (D:6)
  4 kobold brigands
  A necrophage (D:7)
  3 scorpions
  A water moccasin zombie (Ossuary)
  Dowan (D:6)
  A wight (Ossuary)
  3 killer bees (D:7)
  An oklob sapling (D:7)
  A howler monkey (D:4)
  2 bullfrog zombies (Ossuary)
  2 centaur zombies (Ossuary)
  Crazy Yiuf (D:4)
  4 iguanas
  Terence (D:2)
  2 scorpion zombies (Ossuary)
  Natasha (thrice) (D:4)
  6 orc wizards
  2 ogre zombies (Ossuary)
  9 adders
  2 white imps
  An ufetubus (D:5)
  4 adder zombies (Ossuary)
  A worm (D:2)
  5 dart slugs
  20 orcs
  7 bats
  2 endoplasms
  6 giant cockroaches
  11 goblins
  9 hobgoblins
  2 quokkas
  7 ball pythons
  2 frilled lizards
  2 gnoll zombies (Ossuary)
  4 goblin zombies (Ossuary)
  3 hobgoblin zombies (Ossuary)
  21 kobolds
  3 orc zombies (Ossuary)
  6 rats
185 creatures vanquished.

Vanquished Creatures (others)
  19 plants (D:7)
19 creatures vanquished.

Grand Total: 204 creatures vanquished

Notes
Turn   | Place    | Note
-------+----------+-------------------------------------------
     0 | D:1      | Belterius the Minotaur Fighter began the quest for the Orb.
     0 | D:1      | Reached XP level 1. HP: 19/19 MP: 0/0
    40 | D:1      | Found Cefyl's General Store.
   119 | D:1      | Found Ruufeloa's General Store.
   195 | D:1      | Reached XP level 2. HP: 25/27 MP: 1/1
   231 | D:1      | Found a faded altar of an unknown god.
   241 | D:1      | Found Wofotinu's Magic Scroll Shoppe.
   530 | D:1      | Reached XP level 3. HP: 29/33 MP: 2/2
   600 | D:1      | Found Esinefo's Book Boutique.
   741 | D:1      | Found Xaboeh's Book Shoppe.
  1144 | D:2      | Noticed Terence
  1151 | D:2      | Killed Terence
  1526 | D:2      | Reached XP level 4. HP: 40/40 MP: 3/3
  1636 | D:2      | Noticed Sigmund
  1646 | D:2      | Killed Sigmund
  1647 | D:2      | Reached skill level 5 in Fighting
  1647 | D:2      | Reached skill level 5 in Armour
  1647 | D:2      | Reached skill level 5 in Shields
  1647 | D:2      | Reached XP level 5. HP: 15/48 MP: 4/4
  1920 | D:2      | Found Ecisenim's Magic Scroll Boutique.
  2315 | D:3      | Reached XP level 6. HP: 49/56 MP: 5/5
  2463 | D:3      | Found a hazy altar of Hepliaklqana.
  2700 | D:4      | Found a radiant altar of Vehumet.
  2700 | D:4      | Noticed Natasha
  2706 | D:4      | Killed Natasha
  2772 | D:4      | Noticed Natasha
  2779 | D:4      | Killed Natasha
  2834 | D:4      | Noticed Natasha
  2839 | D:4      | Killed Natasha
  3028 | D:4      | Reached skill level 5 in Axes
  3029 | D:4      | Found a bloodstained altar of Trog.
  3036 | D:4      | Reached XP level 7. HP: 49/62 MP: 6/6
  3191 | D:4      | Found a runed translucent door.
  3192 | D:4      | Noticed Crazy Yiuf
  3482 | D:4      | Killed Crazy Yiuf
  3644 | D:5      | Entered Level 5 of the Dungeon
  4585 | D:1      | Bought a +0 pair of boots for 58 gold pieces
  4683 | D:6      | Noticed Duvessa
  4691 | D:6      | Noticed Dowan
  4694 | D:6      | Killed Duvessa
  4699 | D:6      | Killed Dowan
  4743 | D:6      | Found Syha's Weapon Shoppe.
  4757 | D:6      | Reached XP level 8. HP: 66/71 MP: 7/7
  4793 | D:6      | Found a glowing golden altar of the Shining One.
  5053 | D:6      | Noticed Pikel
  5065 | D:6      | Killed Pikel
  5217 | D:6      | Found a sand-covered staircase.
  5226 | Ossuary  | Entered an ossuary
  5371 | Ossuary  | Reached XP level 9. HP: 60/81 MP: 8/8
  5529 | Ossuary  | Noticed a silent spectre
  5734 | D:6      | Found Ziebrish's Assorted Antiques.
  5775 | D:6      | Bought a +2 broad axe of flaming for 268 gold pieces
  6778 | D:7      | Found a staircase to the Ecumenical Temple.
  6920 | Temple   | Entered the Ecumenical Temple
  6990 | Temple   | Became a worshipper of Warmaster Okawaru
  7125 | D:7      | Identified the +0 helmet of the Zebra {Drain rC++ Regen+
                  | rCorr}
  7818 | D:8      | Found a flagged portal.
  7828 | Bailey   | Entered a bailey
  8395 | Bailey   | Noticed an orc knight
  8405 | Bailey   | Gained mutation: You have a somewhat thin skeletal
                  | structure. (Dex +2, Stealth+) [potion of mutation]
  8405 | Bailey   | Gained mutation: You are occasionally teleported next to
                  | monsters. [potion of mutation]
  8405 | Bailey   | Gained mutation: You passively dampen the noise of your
                  | surroundings. [potion of mutation]
  8405 | Bailey   | Gained mutation: You are agile. (Dex +4, Str/Int -1)
                  | [potion of mutation]
  8415 | Bailey   | HP: 3/83 [orc knight/+0 broad axe (15)]
  8415 | Bailey   | Mangled by an orc knight

Illustrated notes

Levels and vault maps discovered:
D:1:      minmay_arrival_doors, layout_loops_ring, serial_shops,
          nicolae_shop_advertising_works [nicolae_subvault_shop_adworks],
          nicolae_shop_trees, shop, nicolae_shop_behind_doors, shop,
          ebering_ecumenical_altar_webs, minmay_vboxes
D:2:      layout_loops_corners, serial_shops, shop,
          nicolae_concentric_dashed_squares_wild, minmay_tall_x, uniq_terence,
          uniq_sigmund
D:3:      layout_rooms, worldfamousw_hep_ancestral_shrine
D:4:      layout_rooms, trog_three_pillars_becter,
          nicolae_overflow_hidden_temple, grunt_decor_cap, uniq_natasha,
          uniq_crazy_yiuf_cottage
D:5:      layout_gridville
D:6:      layout_basic, kennysheep_little_box, enter_ossuary_1, serial_shops,
          shop, shop, eino_tiny_chamber, uniq_pikel, uniq_duvessa
D:7:      layout_loops_corners, minmay_temple_entry_oklob
D:8:      layout_loops_cross, lemuel_tele_altar, tgw_xom, serial_shops,
          shop_statue, enter_bailey_3, uniq_grum
Temple:   minmay_temple_curvy_branch
Bailey:   bailey_axe_3, bailey

Skill      XL: |  1  2  3  4  5  6  7  8  9 |
---------------+----------------------------+-----
Armour         | 4 5 6 7 9 |  9.3
Shields        | 4 5 6 7 9 |  9.3
Fighting       | 4 5 6 7 9 |  9.3
Axes           | 3 4 5 6 7 8 |  8.9

Action                   |  1- 3 |  4- 6 |  7- 9 || total
-------------------------+-------+-------+-------++-------
Melee: War axe           |    70 |    77 |   197 ||   344
       Headbutt          |     4 |    12 |    53 ||    69
       Broad axe         |       |       |   121 ||   121
Throw: Boomerang         |       |       |     1 ||     1
Evoke: Wand              |       |       |     1 ||     1
  Use: Potion            |       |     1 |     3 ||     4
Armor: Scale mail        |    36 |    28 |    10 ||    74
       Ring mail         |       |       |   122 ||   122
Dodge: Dodged            |    25 |    36 |   123 ||   184
Block: Buckler           |    17 |    21 |    73 ||   111

Table legend: (Time is in decaauts)
 A = Elapsed time spent in this place.
 B = Non-inter-level travel time spent in this place.
 C = Inter-level travel time spent in this place.
 D = Time resting spent in this place.
 E = Time spent auto-exploring this place.
 F = Levels seen in this place.
 G = Mean time per level.
                   A        B        C        D        E       F      G
               +--------+--------+--------+--------+--------+-----+--------+
         Total |   8559 |   8195 |    364 |   1478 |   5480 |  11 |  778.1 |
       Dungeon |   7491 |   7148 |    343 |    999 |   5126 |   8 |  936.4 |
        Temple |     92 |     71 |     21 |     26 |     39 |   1 |   92.0 |
       Ossuary |    362 |    362 |      0 |      0 |    235 |   1 |  362.0 |
        Bailey |    612 |    612 |      0 |    453 |     79 |   1 |  612.0 |
               +--------+--------+--------+--------+--------+-----+--------+

Top non-repeatable levels by time:
     D:7: 1559 daAuts
     D:2: 1490 daAuts
     D:6: 1079 daAuts
     D:4: 990 daAuts
     D:5: 958 daAuts
     D:1: 846 daAuts
  Bailey: 612 daAuts
     D:3: 450 daAuts
 Ossuary: 362 daAuts
     D:8: 115 daAuts
  Temple: 92 daAuts
